 Dungeon Crawl Stone Soup version 0.24-a0-388-gb57f36d6e0 (webtiles) character file.

Game seed: 5753848320886961706

1568 Bikalo the Destroyer (level 8, -9/41 HPs)
             Began as a Deep Elf Conjurer on June 4, 2019.
             Mangled by a green ugly thing (10 damage)
             ... on level 5 of the Dungeon.
             The game lasted 00:20:05 (6783 turns).

Bikalo the Destroyer (Deep Elf Conjurer)            Turns: 6783, Time: 00:20:05

Health: -9/41      AC:  7    Str:  8    XL:     8   Next: 59%
Magic:  22/22      EV: 13    Int: 23    God:
Gold:   364        SH:  4    Dex: 13    Spells: 14/24 levels left

rFire    + . .     SeeInvis .   A - +0 whip (freeze)
rCold    . . .     Gourm    +   (no shield)
rNeg     . . .     Faith    .   B - +2 robe {rF+}
rPois    +         Spirit   .   (no helmet)
rElec    .         Reflect  .   m - +0 cloak
rCorr    .         Harm     .   d - +0 pair of gloves
MR       .....                  y - +0 pair of boots
Stlth    ++........             x - amulet of the gourmand
HPRegen  0.13/turn              i - ring of poison resistance
MPRegen  0.18/turn              n - +3 ring of strength

@: no status effects
A: claws 1, hooves 1, large bone plates 1, clumsy 1
a: no special abilities


You were on level 5 of the Dungeon.
You were not hungry.

You visited 1 branch of the dungeon, and saw 6 of its levels.
You also visited: Sewer.

You collected 364 gold pieces.

Inventory:

Hand Weapons
 l - a +0 dagger
 A - a +0 whip of freezing (weapon)
Armour
 a - a +0 robe
 d - a +0 pair of gloves (worn)
 m - a +0 cloak (worn)
 y - a +0 pair of boots (worn)
 B - a +2 robe of fire resistance (worn)
Magical Staves
 E - an uncursed staff of air
Jewellery
 i - a ring of poison resistance (left hand)
 n - a +3 ring of strength (right hand)
 x - an amulet of the gourmand (around neck)
Wands
 o - a wand of iceblast (5)
 u - a wand of flame (22)
 z - a wand of clouds (6)
 C - a wand of random effects (9)
Scrolls
 b - 2 scrolls of teleportation
 g - 2 scrolls of identify
 h - a scroll of remove curse
 j - 3 scrolls of enchant weapon {unknown}
 p - a scroll of magic mapping
 s - a scroll of random uselessness
 w - a scroll of immolation
Potions
 e - 2 potions of degeneration
 f - 3 potions of agility
 k - 3 potions of brilliance
 r - 3 potions of might
 v - a potion of resistance {unknown}
Comestibles
 c - 8 rations


   Skills:
 - Level 3.0 Dodging
 - Level 3.0 Stealth
 + Level 8.5 Spellcasting
 * Level 10.4 Conjurations
 - Level 1.2 Hexes


You had 14 spell levels left.
You knew the following spells:

 Your Spells              Type           Power        Failure   Level  Hunger
a - Magic Dart            Conj           ####         1%          1    None
b - Searing Ray           Conj           ######       1%          2    None
c - Dazzling Spray        Conj/Hex       #####.       1%          3    None
d - Iskenderun's Mystic   Conj           ######..     1%          4    ##.....

Your spell library contained the following spells:

 Spells                   Type           Power        Failure   Level  Hunger
 Fulminant Prism          Conj/Hex       #####.....   6%          4    ##.....
 Force Lance              Conj/Tloc      ####....     8%          4    ##.....


Dungeon Overview and Level Annotations

Branches:
Dungeon (6/15)
 Temple: D:4-7

Altars:
Elyvilon
Trog

Annotations:
D:4 Edmund


Innate Abilities, Weirdness & Mutations

You have sharp fingernails.
You have large cloven feet.
You are partially covered in large bone plates. (SH +4)
You are clumsy. (Dex -2)


Message History

The orb of energy explodes!
The green ugly thing barely misses you.
The green ugly thing tentacle-slaps you!
Casting: Iskenderun's Mystic Blast (safe; 1% risk of failure)
Confirm with . or Enter, or press ? or * to list all spells.
Aiming: Dazzling Spray (safe; 1% risk of failure)
Press: ? - help, Shift-Dir - straight line, f/p - green ugly thing
Aim: a green ugly thing (moderately wounded)
The spray of energy hits the green ugly thing.
The green ugly thing is heavily wounded.
The green ugly thing tentacle-slaps you!
* * * LOW HITPOINT WARNING * * *
Okay, then.
Okay, then.
It was a potion of magic.
Magic courses through your body. The green ugly thing misses you.
It was a potion of mutation.
You feel extremely strange.
Large bone plates grow over parts of your arms.
You feel clumsy.
Your feet thicken and deform.
Your fingernails lengthen.
The green ugly thing tentacle-slaps you!
You die...

#......# #.#####.#...#..... ##
###.#..# #................#
.#####.#..############.#.....)...
.'.....#.........#.......#.#...##
.#######.#######.#.###.#.........
.............# #.#.# #.#.#.#....#
.#######.###.# #.#.# #.#.#.#....#
...## #.###.###.#.# #.#.#.#.....
....# #.#.....#@#.###.#.#.#.....
....####.#.#.#.#u#.#...#.#.######
.##......#...#.#.#.#.#)#.........
.#############.#.#.#..[..#.######
.#.............#.#.#####.#)#
.#...###########.#.......#.#
.#...# #.#########.# .#...#
#.#.........# .#...#
#.#.#########


You could see a green ugly thing.

Vanquished Creatures
  A hippogriff (D:6)
  A sky beast (D:5)
  A slave (D:5)
  2 ogres (D:4)
  A phantom (D:5)
  A centaur (D:4)
  A scorpion (D:5)
  The ghost of D1HalberdGnoll the Skirmisher, a weakling DrAK of Lugonu (D:4)
  A howler monkey (D:4)
  2 crimson imps (D:5)
  A gnoll shaman (D:4)
  An orc priest (D:5)
  A hound (D:4)
  A centaur skeleton (D:4)
  Ijyb (D:3)
  An orc wizard (D:4)
  3 worker ants
  A worker ant zombie (D:5)
  A gnoll (D:1)
  6 adders
  2 oozes
  An adder skeleton (D:4)
  3 worms
  3 dart slugs
  5 leopard geckos
  5 orcs
  5 giant cockroaches
  13 goblins
  5 hobgoblins
  15 jackals
  5 ball pythons
  6 bats
  8 frilled lizards
  10 kobolds
  7 rats
  A plant (Sewer)
123 creatures vanquished.

Vanquished Creatures (others)
  Pikel (D:5)
  2 slaves (D:5)
  An iguana (D:5)
  A plant (Sewer)
5 creatures vanquished.

Grand Total: 128 creatures vanquished

Notes
Turn   | Place    | Note
-------+----------+-------------------------------------------
     0 | D:1      | Bikalo the Deep Elf Conjurer began the quest for the Orb.
     0 | D:1      | Reached XP level 1. HP: 10/10 MP: 6/6
   116 | D:1      | Reached XP level 2. HP: 15/15 MP: 5/8
   157 | D:1      | Learned a level 2 spell: Searing Ray
   398 | D:1      | Reached XP level 3. HP: 19/19 MP: 2/9
   403 | D:1      | Learned a level 3 spell: Dazzling Spray
   449 | D:2      | Found a bloodstained altar of Trog.
   626 | D:2      | Reached skill level 5 in Conjurations
  1273 | D:3      | Reached XP level 4. HP: 24/24 MP: 5/11
  1277 | D:3      | Found a glowing drain.
  1291 | Sewer    | Entered a sewer
  1297 | Sewer    | Learned a level 4 spell: Iskenderun's Mystic Blast
  2340 | D:3      | Found a white marble altar of Elyvilon.
  2476 | D:3      | Noticed Ijyb
  2481 | D:3      | Reached skill level 6 in Conjurations
  2830 | D:3      | Killed Ijyb
  2830 | D:3      | Reached XP level 5. HP: 27/28 MP: 4/13
  3302 | D:4      | Reached skill level 1 in Hexes
  3390 | D:4      | Found a runed translucent gate.
  3390 | D:4      | Found a runed translucent gate.
  3392 | D:4      | Found a runed translucent gate.
  3392 | D:4      | Noticed a centaur
  3477 | D:4      | Noticed D1HalberdGnoll's ghost (weakling DrAK)
  3545 | D:4      | Killed a centaur
  3545 | D:4      | Reached skill level 5 in Spellcasting
  3545 | D:4      | Reached XP level 6. HP: 26/32 MP: 5/15
  3709 | D:4      | Killed D1HalberdGnoll's ghost
  3709 | D:4      | Reached skill level 7 in Conjurations
  3876 | D:5      | Entered Level 5 of the Dungeon
  4197 | D:4      | Reached skill level 8 in Conjurations
  4197 | D:4      | Reached XP level 7. HP: 36/36 MP: 8/18
  4296 | D:4      | Noticed Edmund
  5222 | D:5      | Reached skill level 9 in Conjurations
  5297 | D:5      | Noticed Pikel
  5314 | D:5      | Killed Pikel
  5314 | D:5      | Reached XP level 8. HP: 21/41 MP: 3/21
  5763 | D:5      | Reached skill level 10 in Conjurations
  6188 | D:6      | Noticed a hippogriff
  6191 | D:6      | Killed a hippogriff
  6217 | D:6      | Noticed a green ugly thing
  6299 | D:6      | HP: 2/41 [iguana (4)]
  6781 | D:5      | HP: 1/41 [green ugly thing (13)]
  6783 | D:5      | Gained mutation: You are partially covered in large bone
                  | plates. (SH +4) [potion of mutation]
  6783 | D:5      | Gained mutation: You are clumsy. (Dex -2) [potion of
                  | mutation]
  6783 | D:5      | Gained mutation: You have large cloven feet. [potion of
                  | mutation]
  6783 | D:5      | Gained mutation: You have sharp fingernails. [potion of
                  | mutation]
  6783 | D:5      | Mangled by a green ugly thing

Levels and vault maps discovered:
D:1:      doesnt_arrival_eight_statues, layout_basic
D:2:      layout_loops_cross, bloody_trog
D:3:      kennysheep_the_goblin_king, layout_loops_corners, marbit_many_paths,
          cheibrodos_sewer_entry_drain
D:4:      layout_loops_ring, gammafunk_ghost_split, first_ration,
          nzn_random_ring, uniq_edmund
D:5:      layout_basic, uniq_pikel
D:6:      layout_basic, minmay_temple_entry_statues, kb_rosetta

Skill      XL: |  1  2  3  4  5  6  7  8 |
---------------+-------------------------+-----
Stealth        | 3 |  3.0
Dodging        | 3 |  3.0
Conjurations   | 5 6 8 9 10 | 10.4
Spellcasting   | 4 5 6 7 8 |  8.5
Hexes          | 1 |  1.2

Action                   |  1- 3 |  4- 6 |  7- 9 || total
-------------------------+-------+-------+-------++-------
Melee: Unarmed           |     4 |       |       ||     4
       Dagger            |     2 |   102 |     6 ||   110
       Whip              |       |       |    11 ||    11
 Cast: Magic Dart        |    75 |    73 |    82 ||   230
       Dazzling Spray    |     1 |     5 |    10 ||    16
       Iskenderun's Myst |       |    20 |    27 ||    47
       Searing Ray       |       |     2 |     2 ||     4
  Use: Scroll            |       |       |    17 ||    17
       Potion            |       |       |     2 ||     2
 Stab: Sleeping          |     2 |     2 |       ||     4
  Eat: Chunk             |       |    10 |     4 ||    14
       Ration            |       |     1 |     2 ||     3
Armor: Robe              |    10 |     8 |    25 ||    43
Dodge: Dodged            |    19 |    47 |    38 ||   104

Table legend:
 A = Non-vault XP
 B = Vault XP
 C = Vault XP percentage of total XP
 D = Non-vault monster count
 E = Vault monster count
 F = Vault count percentage of total count
                 A         B        C        D         E       F
            +---------+---------+-------+---------+---------+-------
      Total |    1034 |    1206 |  53.8 |      77 |      46 |  37.4
            +---------+---------+-------+---------+---------+-------
        D:1 |      43 |       0 |   0.0 |      17 |       0 |   0.0
        D:2 |      32 |       0 |   0.0 |      18 |       0 |   0.0
        D:3 |      62 |      50 |  44.6 |      17 |      10 |  37.0
        D:4 |      46 |     662 |  93.5 |       4 |      15 |  78.9
        D:5 |     611 |     452 |  42.5 |      18 |       2 |  10.0
        D:6 |     240 |       0 |   0.0 |       3 |       0 |   0.0
      Sewer |       0 |      42 | 100.0 |       0 |      19 | 100.0
            +---------+---------+-------+---------+---------+-------
